 Dungeon Crawl Stone Soup version 0.28-b1-70-g80dc712255 (webtiles) character file.

Game seed: 1683768394725793169

88 crazypyro the Skirmisher (level 4, 0/49 HPs)
             Began as an Ogre Monk on Feb 3, 2022.
             Slain by an orc (4 damage)
             ... on level 3 of the Dungeon.
             The game lasted 00:02:17 (3327 turns).

crazypyro the Skirmisher (Ogre Monk)                Turns: 3327, Time: 00:02:17

Health: 0/49       AC:  3    Str: 17    XL:     4   Next: 53%
Magic:  4/4        EV: 10    Int: 11    God:
Gold:   105        SH:  0    Dex: 11    Spells: 3/3 levels left

rFire   . . .      SeeInvis .   j - +0 morningstar
rCold   . . .      Faith    .   (no shield)
rNeg    . . .      Spirit   .   b - +0 robe
rPois   .          Reflect  .   (helmet restricted)
rElec   .          Harm     .   (no cloak)
rCorr   .          Rampage  .   (gloves unavailable)
Will    .....                   (boots unavailable)
Stlth   ++........              (no amulet)
HPRegen 0.16/turn               (no ring)
MPRegen 0.09/turn               (no ring)

@: no status effects
A: large, unfitting armour, tough skin 1
a: no special abilities


You were on level 3 of the Dungeon.
You visited 1 branch of the dungeon, and saw 3 of its levels.

You collected 105 gold pieces.

Inventory:

Hand Weapons
 a - a +0 mace
 j - a +0 morningstar (weapon)
Missiles
 i - a throwing net (quivered)
Armour
 b - a +0 robe (worn)
Jewellery
 f - a +6 ring of intelligence
Scrolls
 d - a scroll of identify {unknown}
 e - a scroll of noise {unknown}
 g - 2 scrolls of enchant weapon {unknown}
Potions
 c - a potion of degeneration {unknown}
 h - a potion of curing
 k - a potion of resistance {unknown}


   Skills:
 + Level 4.9 Fighting
 * Level 3.8 Maces & Flails
 + Level 3.2 Dodging
 - Level 1.4 Stealth


You had 3 spell levels left.
You didn't know any spells.
Your spell library was empty.

Dungeon Overview and Level Annotations

Branches:
Dungeon (3/15)

Altars:


Innate Abilities, Weirdness & Mutations

You are too large for most types of armour.
You have tough skin. (AC +1)


Message History

The orc closely misses you. x2
You barely miss the orc wizard. The orc hits you with a +0 whip.
The orc wizard hits you with a +0 dagger.
The orc hits you with a +0 whip. x2
You closely miss the orc wizard.
The orc wizard hits you with a +0 dagger.
The orc hits you with a +0 whip. The orc hits you but does no damage.
You hit the orc but do no damage. The orc wizard barely misses you.
The orc hits you but does no damage. The orc barely misses you.
The orc wizard hits you but does no damage.
The orc closely misses you.
You hit the orc but do no damage. The orc barely misses you.
The orc wizard hits you with a +0 dagger.
The orc hits you with a +0 whip. The orc barely misses you.
You hit the orc.
The orc is lightly wounded.
The orc wizard gestures at you while chanting.
The magic dart hits you! The orc hits you with a +0 whip. The orc misses you.
You hit the orc but do no damage.
The orc is lightly wounded.
The orc wizard closely misses you. The orc hits you with a +0 whip.
The orc completely misses you. The orc wizard barely misses you.
You closely miss the orc.
The orc is lightly wounded.
The orc hits you with a +0 whip. x2
* * * LOW HITPOINT WARNING * * *
The orc wizard barely misses you. The orc barely misses you.
The orc hits you but does no damage.
You barely miss the orc.
The orc is lightly wounded.
The orc wizard gestures at you while chanting.
The puff of flame hits you.
* * * LOW HITPOINT WARNING * * *
The orc hits you with a +0 whip.
* * * LOW HITPOINT WARNING * * *
The orc barely misses you.
Things that are here:
a +0 dagger; an orc corpse The orc hits you with a +0 whip.
You die...

.... #.....#.#####.. ...#
#....)#.#####.# .#.#
#######.......# # ##.#.#
#######.# #.#..#.# #.#
##.#.##.# ######### #.#
#..)....###.......# #.#
#...)).o##.#.####.#####.#
#.##.oo.@.###...........#
# ###.###.#.####.#######
#.# #<......# #.. ..#
######### #.# #### #.#
#.# #.. ###


You could see an orc wizard and 2 orcs.

Vanquished Creatures
  A gnoll (D:2)
  2 adders
  A worm (D:3)
  A dart slug (D:1)
  3 orcs (D:3)
  3 ball pythons
  4 endoplasms
  2 giant cockroaches
  4 goblins
  8 hobgoblins
  4 quokkas (D:1)
  A bat (D:1)
  A frilled lizard (D:1)
  6 kobolds
  9 rats
50 creatures vanquished.

Notes
Turn   | Place    | Note
-------+----------+-------------------------------------------
     0 | D:1      | crazypyro the Ogre Monk began the quest for the Orb.
     0 | D:1      | Reached XP level 1. HP: 24/24 MP: 1/1
   556 | D:1      | Reached XP level 2. HP: 21/32 MP: 2/2
  1191 | D:1      | Reached XP level 3. HP: 40/40 MP: 3/3
  1998 | D:2      | Reached XP level 4. HP: 18/49 MP: 4/4
  2274 | D:3      | HP: 1/49 [poisoned by an adder]
  3327 | D:3      | Slain by an orc

Illustrated notes

Levels and vault maps discovered:
D:1:      amcnicky_arrival_choice, layout_loops_corners
D:2:      layout_loops_cross, hellmonk_ecumenical_altar_lost_god,
          minmay_crystal_room
D:3:      minmay_general_purpose_star, layout_loops_cross

Skill      XL: |  1  2 |
---------------+-------+-----
Maces & Flails | 3 |  3.8
Dodging        | 3 |  3.2
Fighting       | |  4.9
Stealth        | |  1.4

Action                   |  1- 3 |  4- 6 || total
-------------------------+-------+-------++-------
Melee: Mace              |   132 |    59 ||   191
       Morningstar       |       |    18 ||    18
       Punch             |       |     1 ||     1
  Use: Potion            |       |     1 ||     1
 Stab: Sleeping          |     6 |     1 ||     7
Armor: Robe              |    43 |    25 ||    68
Dodge: Dodged            |    84 |    55 ||   139
